 Dungeon Crawl Stone Soup version 0.24-a0-447-ge8da9206dc (webtiles) character file.

Game seed: 3634481532568126965

109 Engwar the Cudgeler (level 4, -5/24 HPs)
             Began as a Gargoyle Enchanter on June 25, 2019.
             Slain by Sigmund
             ... wielding a +0 scythe
              (8 damage)
             ... on level 3 of the Dungeon.
             The game lasted 00:07:04 (1829 turns).

Engwar the Cudgeler (Gargoyle Enchanter)            Turns: 1829, Time: 00:07:05

Health: -5/24      AC: 10    Str: 12    XL:     4   Next: 90%
Magic:  7/7        EV:  8    Int: 16    God:
Gold:   83         SH:  0    Dex: 10    Spells: 1/7 levels left

rFire    . . .     SeeInvis .   o - +0 whip
rCold    . . .     Gourm    .   f - +0 buckler
rNeg     + . .     Faith    .   p - +0 scale mail
rPois    ∞         Spirit   .   h - +0 helmet (curse)
rElec    +         Reflect  .   (no cloak)
rCorr    +         Harm     .   (no gloves)
MR       .....                  (no boots)
Stlth    ..........             (no amulet)
HPRegen  0.08/turn              e - ring of resist corrosion
MPRegen  0.10/turn              (no ring)

@: confused
A: negative energy resistance 1, electricity resistance, unbreathing,
petrification resistance, rot immunity, AC +3
a: no special abilities


You were on level 3 of the Dungeon.
You were not hungry.

You visited 1 branch of the dungeon, and saw 3 of its levels.

You collected 83 gold pieces.

Inventory:

Hand Weapons
 o - a +0 whip (weapon)
 r - a +2 dagger of speed
Armour
 f - a +0 buckler (worn)
 h - a cursed +0 helmet (worn)
 p - a +0 scale mail (worn)
 u - a +0 cloak
Jewellery
 a - a +3 ring of dexterity {unknown}
 e - a ring of resist corrosion (left hand)
Scrolls
 b - a scroll of immolation {unknown}
 c - a scroll of fear {unknown}
 j - a scroll of blinking {unknown}
 k - a scroll of fog {unknown}
 l - a scroll of enchant weapon {unknown}
 m - a scroll of remove curse {unknown}
 n - a scroll of amnesia {unknown}
 q - 3 scrolls of teleportation {unknown}
Potions
 g - a potion of flight
 i - a potion of curing
Comestibles
 d - 4 rations
 t - 2 chunks of flesh


   Skills:
 - Level 0.2 Fighting
 - Level 0.8 Short Blades
 + Level 4.0 Maces & Flails
 - Level 0.1 Throwing
 - Level 0.1 Armour
 - Level 1.5 Dodging
 - Level 3.2 Stealth
 + Level 0.8 Shields
 - Level 0.1 Unarmed Combat
 - Level 2.0 Spellcasting
 - Level 2.6 Hexes


You had one spell level left.
You knew the following spells:

 Your Spells              Type           Power        Failure   Level  Hunger
a - Corona                Hex            ##.....      50%         1    #......
b - Ensorcelled Hibernat  Hex/Ice        #.....       83%         2    ###....
c - Dazzling Spray        Conj/Hex       #.....       96%         3    ###....

Your spell library contained the following spells:

 Spells                   Type           Power        Failure   Level  Hunger
 Confuse                  Hex            ##......     86%         3    ###....
 Tukima's Dance           Hex            ##......     86%         3    ###....


Dungeon Overview and Level Annotations

Branches:
Dungeon (3/15)

Altars:

Annotations:
D:3 Sigmund


Innate Abilities, Weirdness & Mutations

You are resistant to torment.
Your stone body is resilient. (AC +3)
You are immune to poison.
You resist negative energy. (rN+)
You are resistant to electric shocks. (rElec)
You can survive without breathing.
You are immune to petrification.
You are immune to rotting.


Message History

Sigmund barely misses you. The crimson imp closely misses you.
You bump into the translucent rock wall.
The crimson imp hits you but does no damage.
Sigmund gestures at you while chanting.
You are more confused.
You bump into the translucent rock wall.
The crimson imp closely misses you. Sigmund completely misses you.
You bump into the translucent rock wall.
Sigmund gestures wildly while chanting.
Sigmund flickers and vanishes!
Deactivating autopickup; reactivate with Ctrl-A.
The crimson imp barely misses you.
You bump into the translucent rock wall.
Something hits you!
* * * LOW HITPOINT WARNING * * *
The crimson imp hits you but does no damage.
You barely miss the crimson imp. The crimson imp hits you.
* * * LOW HITPOINT WARNING * * *
Something hits you!
You die...

..# ##.
#.###.####>## .
#.).####.###(.....#
.
#.#.......##.######
#...#####....#
#..##...##..##
#.#.#.#.#..#
#...#}#{[..#
#.#.#.#5#..#
#.##..@##..#
#..#####...#
.........?#.#
#####..####.# #...
..# #.## ### #. #.
######


You could see a crimson imp.

Vanquished Creatures
  4 adders
  2 oozes (D:2)
  4 worms
  2 leopard geckos (D:3)
  2 orcs (D:3)
  8 goblins
  3 hobgoblins (D:2)
  3 jackals (D:2)
  A quokka (D:2)
  6 bats (D:1)
  6 frilled lizards
  5 kobolds
  6 rats
52 creatures vanquished.

Notes
Turn   | Place    | Note
-------+----------+-------------------------------------------
     0 | D:1      | Engwar the Gargoyle Enchanter began the quest for the Orb.
     0 | D:1      | Reached XP level 1. HP: 10/10 MP: 3/3
   207 | D:1      | Reached skill level 1 in Maces & Flails
   212 | D:1      | Reached XP level 2. HP: 10/15 MP: 5/5
   217 | D:1      | Learned a level 2 spell: Ensorcelled Hibernation
   491 | D:2      | Reached skill level 2 in Maces & Flails
   557 | D:2      | Reached XP level 3. HP: 19/19 MP: 6/6
   568 | D:2      | Learned a level 3 spell: Dazzling Spray
  1013 | D:2      | Reached skill level 3 in Maces & Flails
  1049 | D:2      | Reached XP level 4. HP: 13/24 MP: 7/7
  1752 | D:3      | Reached skill level 4 in Maces & Flails
  1802 | D:3      | Noticed Sigmund
  1829 | D:3      | Slain by Sigmund

Levels and vault maps discovered:
D:1:      giann_forest_graveyard, layout_rooms
D:2:      layout_basic, first_ration, serial_forest,
          infiniplex_forest_lined_room_2, infiniplex_forest_lined_2,
          infiniplex_forest_pool, infiniplex_forest_clump_medium,
          infiniplex_forest_zigzag_1, infiniplex_forest_straight_4,
          infiniplex_forest_lined_corner, infiniplex_forest_end_1
D:3:      layout_loops_ring, lemuel_coloured_pillars_altar, minmay_checkerbox,
          uniq_sigmund

Skill      XL: |  1  2  3  4 |
---------------+-------------+-----
Maces & Flails | 1 2 3 4 |  4.0
Fighting       | |  0.2
Short Blades   | |  0.8
Throwing       | |  0.1
Armour         | |  0.1
Dodging        | |  1.5
Stealth        | |  3.2
Shields        | |  0.8
Unarmed Combat | |  0.1
Spellcasting   | |  2.0
Hexes          | |  2.6

Action                   |  1- 3 |  4- 6 || total
-------------------------+-------+-------++-------
Melee: Dagger            |    61 |       ||    61
       Whip              |    67 |   152 ||   219
  Use: Scroll            |       |     3 ||     3
       Potion            |       |     1 ||     1
 Stab: Sleeping          |     5 |     1 ||     6
       Distracted        |     1 |       ||     1
  Eat: Chunk             |     1 |     2 ||     3
Armor: Robe              |    42 |    14 ||    56
       Scale mail        |       |    48 ||    48
Dodge: Dodged            |    85 |    54 ||   139
Block: Buckler           |       |     5 ||     5

Table legend:
 A = Non-vault XP
 B = Vault XP
 C = Vault XP percentage of total XP
 D = Non-vault monster count
 E = Vault monster count
 F = Vault count percentage of total count
                 A         B        C        D         E       F
            +---------+---------+-------+---------+---------+-------
      Total |     150 |       7 |   4.5 |      49 |       3 |   5.8
            +---------+---------+-------+---------+---------+-------
        D:1 |      25 |       0 |   0.0 |      17 |       0 |   0.0
        D:2 |      99 |       0 |   0.0 |      26 |       0 |   0.0
        D:3 |      26 |       7 |  21.2 |       6 |       3 |  33.3
            +---------+---------+-------+---------+---------+-------
